Unix NetHack Version 5.0.0-0 post-release - last build Jun 10 2026 00:39:30 (3ee93aec679c4c4259841fe613dc97188e26a321,branch:main).

Game began 2026-06-17 14:19:21, ended 2026-06-17 16:15:00.

Fletchius, lawful female dwarven Archeologist

                                                                    --------
         ..........                                                 .......|
         ..........## #...-----------------------|------ ##         |.....<|
         ..........*##).......|..|..|.......-..|..|..-.|#######     --.--|--
         ..........####.).....|..|..|.......|..|..|..|.|#     ############
         |.........  ##.......-|---|-.......----..----.|#            #
         ------....  ##|.......................).......|#           ##
             ###*    *#|...---|-+----)......--|-..-|--)|#          ##
             #*       #|...|...|....|{......|..|..|..|.|#          #
           ###        #|...|.%.|....|.....).|..|..|..|.|#          #
           #          #|...|%.%|@@..|.......----..----.|#          #
          ##          #|...|%%.|....|....{.............|#          ##
          #           #|...|----------.-------+-------.|#         ###
       ################|...|.(((|....|.|.(((|   |.?..|.|#           #
    ---.--.---         |...-((.(|....|.|.(((|   |?%*?|.|#       ----.----
    |........|         |...|..((|....[.-.(((|   |?!*.-.|#       |..^....|
    |.....)..|         |...-----------.---------------.|########........|
    |........|         |................................#       |.>.....|
    ----------         ---------------------------------#       ---------

Fletchius the Investigator  St:18 Dx:10 Co:14 In:15 Wi:14 Ch:12  Lawful
Dlvl:7  $:367 HP:33(40) Pw:15(15) AC:2  Xp:6 T:3545  Satiated

Latest messages:
 You see here an arrow.
 p - an arrow (2 in total).
 In what direction? k
 The door closes.
 What do you want to use or apply? [aeg-imnsIW or ?*] ?
 In what direction? k
 Lock it? [ynq] (q) y
 You succeed in locking the door.
 What do you want to zap? [m or ?*] ?
 An elf zombie suddenly appears next to you!
 The priestess of Quetzalcoatl wields a mace!
 Are you waiting to get hit?  Use 'm' prefix to force a no-op (to rest).
 You hit the elf zombie!
 The priestess of Quetzalcoatl swings her mace at the elf zombie.
 The priestess of Quetzalcoatl hits the elf zombie.
 The elf zombie is destroyed!
 What do you want to zap? [m or ?*] m
 A gecko suddenly appears next to you!
 You kill the gecko!
 The air crackles around the priestess of Quetzalcoatl.
 What do you want to zap? [m or ?*] m
 A pony suddenly appears next to you!
 You miss the pony.
 The pony turns to flee.
 The priestess of Quetzalcoatl casts a spell!
 The priestess of Quetzalcoatl looks better.
 The pony turns to flee.
 You hit the pony!
 You hit the pony!
 You hit the pony!
 You kill the pony!
 You have much trouble lifting a pony corpse.  Continue? [ynq] (q) y
 You have much trouble lifting q - a pony corpse.
 r - a scroll of enchant armor.
 You stagger under your heavy load.  Movement is very hard.
 What do you want to sacrifice? [q or ?*] q
 Your sacrifice is consumed in a flash of light!
 A silver mace named Demonbane appears at your feet!
 Your movements are now unencumbered.
 The voice of Quetzalcoatl rings out: "Use my gift wisely!"
 u - a silver mace named Demonbane.
 What do you want to drop? [$abeg-il-pr-vEISWXZ or ?*] ?
 A scroll of enchant armor lands on the altar.
 r - an uncursed scroll of enchant armor.
 What do you want to read? [r or ?*] r
 As you read the scroll, it disappears.
 Your shield of reflection glows for a moment.
 What do you want to use or apply? [aeg-imnsIW or ?*] h
 Really quit without saving? [yn] (n) y
 Do you want your possessions identified? [ynq] (y) q

Inventory:
 Coins    ('$')
  $ - 367 gold pieces
 Weapons  (')')
  p - 2 +0 arrows
  l - a +0 bow
  a - a blessed +2 bullwhip (alternate weapon; not wielded)
  u - the +1 Demonbane
 Armor    ('[')
  o - an uncursed +0 orcish helm (being worn)
  S - an uncursed +3 shield of reflection (being worn)
  v - a blessed very rotted +1 robe (being worn)
  b - an uncursed +0 leather jacket (being worn)
 Comestibles  ('%')
  X - a cursed rotten tin of rock mole meat
 Potions  ('!')
  Z - an uncursed potion of water
 Wands    ('/')
  m - a wand of create monster (0:10)
 Tools    ('(')
  h - an uncursed sack containing 9 items
  I - an uncursed wooden flute
  W - a magic marker (0:27)
  n - an uncursed oil lamp
  e - a +2 pick-axe (weapon in right hand)
  s - an uncursed skeleton key
  i - an uncursed tin opener
 Gems/Stones  ('*')
  t - an uncursed agate stone
  E - an uncursed aquamarine stone
  g - an uncursed touchstone

Contents of the sack:
  3 uncursed food rations
  an uncursed scroll of earth
  an uncursed scroll of light
  an uncursed scroll of magic mapping
  an uncursed spellbook of healing
  an uncursed potion of object detection
  an uncursed potion of sickness
  4 cursed potions of healing
  a wand of make invisible (0:2)

Fletchius the Archeologist's attributes:

Background:
 You were an Investigator, a level 6 female dwarven Archeologist.
 You were lawful, on a mission for Quetzalcoatl
 who was opposed by Camaxtli (neutral) and Huhetotl (chaotic).
 You were right-handed.
 You were in the Gnomish Mines, on level 7.
 You entered the dungeon 3545 turns ago.
 There was a new moon in effect when your adventure ended.
 You had 360 experience points, 280 more were needed to attain level 7.

Basics:
 You had 33 out of 40 hit points.
 You had all 15 energy points (spell power).
 Your armor class was 2.
 Your wallet contained 367 zorkmids.
 Autopickup was off.

Final Characteristics:
 Your strength was 18 (limit:18/100).
 Your dexterity was 10 (limit:20).
 Your constitution was 14 (limit:20).
 Your intelligence was 15 (limit:16).
 Your wisdom was 14 (limit:16).
 Your charisma was 12 (limit:16).

Final Status:
 You were satiated.
 You were unencumbered.
 You were wielding a pick-axe.
 You had basic skill with pick-axe and could have enhanced that.

Final Attributes:
 You were piously aligned.
 You were telepathic.
 You had automatic searching.
 You had infravision.
 You were stealthy.
 You were guarded.
 Your spell casting was enhanced by wearing a robe.
 You had reflection.
 You survived.

Miscellaneous:
 You didn't encounter any bones levels.
 Total elapsed playing time was 1 hour, 55 minutes and 38 seconds.

Major events:
 Turn
    1: Fletchius the lawful female dwarven Archeologist entered the dungeon
 1268: attained the rank of Field Worker (level 3)
 1661: entered the Gnomish Mines
 2347: reached Mine Town
 3453: attained the rank of Investigator (level 6)
 3538: was bestowed with Demonbane by Quetzalcoatl
 3545: quit

Spells:
 Name                 Level Category     Fail Retention
 healing                1   healing       70%  76%-100%
 detect monsters        1   divination    70%  76%-100%

Skills:
 Fighting Skills
   bare handed combat [Unskilled]
   two weapon combat  [Unskilled]
   riding             [Unskilled]
 Weapon Skills
   dagger             [Unskilled]
   knife              [Unskilled]
   pick-axe           [Basic]
   short sword        [Unskilled]
   saber              [Unskilled]
   club               [Unskilled]
   mace               [Unskilled]
   quarterstaff       [Unskilled]
   sling              [Unskilled]
   dart               [Unskilled]
   boomerang          [Unskilled]
   whip               [Basic]
   unicorn horn       [Unskilled]
 Spellcasting Skills
   attack spells      [Unskilled]
   healing spells     [Unskilled]
   divination spells  [Unskilled]
   matter spells      [Unskilled]

Voluntary challenges:
 Character rerolling was not enabled.
 You never genocided any monsters.
 You never polymorphed an object.
 You never changed form.
 You used no wishes.
Achievements:
 You entered a shop.
 You attained the rank of Field Worker.
 You entered the Gnomish Mines.
 You entered Minetown.
 You entered a temple.
 You attained the rank of Investigator.

 The Dungeons of Doom: levels 1 to 4
    Level 1:
       An altar, a sink.
    Level 2:
       An altar, a fountain.
    Level 3:
       A scroll shop, an altar to Quetzalcoatl, a sink.
    Level 4:
       A sink.
       Stairs down to The Gnomish Mines.
 The Gnomish Mines: levels 5 to 7
    Level 5:
    Level 6:
    Level 7: <- You were here.
       Many shops, a temple and an altar to Quetzalcoatl, some fountains.


Vanquished creatures:
  a small mimic
  2 brown puddings
  a jaguar
  3 human zombies
 an imp
  a rock piercer
  2 ponies
  a shrieker
  4 gnome leaders
  2 gnomish wizards
 an elf zombie
  a paper golem
  a little dog
  a floating eye
  2 kittens
  a dwarf
  8 hill orcs
  a giant bat
  3 iguanas
  2 acid blobs
  2 hobbits
  4 manes
  a cave spider
 16 gnomes
  a garter snake
  3 geckos
  7 jackals
  a fox
  a kobold
  4 goblins
  a sewer rat
  4 grid bugs
  4 lichens
  2 kobold zombies
  7 newts
97 creatures vanquished.

No species were genocided or became extinct.

Goodbye Fletchius the Archeologist...

You quit in The Gnomish Mines on dungeon level 7 with 2127 points,
and 367 pieces of gold, after 3545 moves.
You were level 6 with a maximum of 40 hit points when you quit.

